 Dungeon Crawl Stone Soup version 0.20.1-1-g8b1a95d (webtiles) character file.

60 Kahvikuppo the Skirmisher (level 4, -3/36 HPs)
             Began as a Formicid Abyssal Knight on July 12, 2017.
             Was a Believer of Lugonu.
             Slain by Crazy Yiuf
             ... wielding a +4 quarterstaff of chaos
              (5 damage)
             ... on level 2 of the Dungeon.
             The game lasted 00:12:30 (849 turns).

Kahvikuppo the Skirmisher (Formicid Abyssal Knight)  Turns: 849, Time: 00:12:31

Health: -3/36      AC:  5    Str: 18    XL:     4   Next: 25%
Magic:  4/5        EV: 10    Int: 11    God:    Lugonu [**....]
Gold:   82         SH:  0    Dex: 10    Spells: 3/3 levels left

rFire    + . .     SeeInvis +   a - +2 falchion
rCold    x . .     Gourm    .   (no shield)
rNeg     . . .     Faith    .   f - +0 ring mail
rPois    .         Spirit   .   (helmet unavailable)
rElec    .         Reflect  .   (no cloak)
rCorr    .         Harm     .   (no gloves)
MR       .....                  (no boots)
Stlth    +.........             b - amulet of rage
Regen    0.2/turn               i - ring of fire
MPRegen  0.1/turn               (no ring)

@: no status effects
A: permanent stasis, dig shafts and tunnels, four strong arms, antennae 3
a: Dig, Shaft Self, Depart the Abyss, Bend Space, Renounce Religion


You were on level 2 of the Dungeon.
You worshipped Lugonu.
Lugonu was pleased with you.
You were full.

You visited 1 branch of the dungeon, and saw 2 of its levels.
You visited the Abyss 1 time.

You collected 82 gold pieces.

Inventory:

Hand Weapons
 a - a +2 falchion (weapon)
 h - a +0 whip of distortion
Missiles
 k - 15 poisoned needles
Armour
 f - a +0 ring mail (worn)
Jewellery
 b - an amulet of rage (around neck)
 i - a ring of fire (left hand)
Scrolls
 d - a scroll of remove curse
 e - 2 scrolls of blinking
 g - a scroll of fear {unknown}
 m - a scroll of teleportation {unknown}
Potions
 l - a potion of curing {unknown}
Comestibles
 c - a bread ration
 j - 3 royal jellies


   Skills:
 + Level 3.6 Fighting
 + Level 3.0 Long Blades
 + Level 0.6 Maces & Flails
 + Level 3.1 Armour
 + Level 1.0 Dodging
 + Level 0.3 Stealth
 + Level 2.2 Invocations


You had 3 spell levels left.
You didn't know any spells.

Dungeon Overview and Level Annotations

Branches:
Dungeon (2/15)

Altars:

Annotations:
D:2 Crazy Yiuf


Innate Abilities, Weirdness & Mutations

You cannot be hasted, slowed, berserked, paralysed or teleported.
You can dig through walls and to a lower floor.
Your four strong arms can wield two-handed weapons with a shield.
You have a pair of large antennae on your head. (SInv)


Message History

Crazy Yiuf hits you with a quarterstaff of chaos.
Crazy Yiuf freezes you.
You barely miss Crazy Yiuf.
Crazy Yiuf is heavily wounded.
Crazy Yiuf hits you with a quarterstaff of chaos!
* * * LOW HITPOINT WARNING * * *
Crazy Yiuf draws strength from your wounds!
You hit Crazy Yiuf.
Crazy Yiuf is heavily wounded.
Crazy Yiuf hits you with a quarterstaff of chaos!
* * * LOW HITPOINT WARNING * * *
You don't have enough health at the moment.
You hit Crazy Yiuf.
Crazy Yiuf is severely wounded.
Crazy Yiuf twirls on the spot.
Crazy Yiuf closely misses you.
You hit Crazy Yiuf.
Crazy Yiuf is almost dead.
Crazy Yiuf hits you with a quarterstaff of chaos.
You die...

###....##....)†#####
##
##....######.#######.
#....# #.........
♣....♣ ############.
♣♣...♣ #.....# ##
♣♣)♣♣ #.###.# # ♣♣)♣
#.# #.# # ♣.♣♣ #.#
#.# # ♣♣@♣
#.###.####### ♣g♣♣
#.##......... #'#
####.#....... #.).#
...#######. #..)#
######.)..). #)..#
#######.##### #####
#.......# #########


You could see Crazy Yiuf.

Vanquished Creatures
  2 adders (D:2)
  5 leopard geckos
  4 bats
  3 giant cockroaches
  3 goblins
  5 hobgoblins
  5 kobolds
  A ball python (D:2)
  3 frilled lizards
  6 rats
37 creatures vanquished.

Notes
Turn   | Place    | Note
-------+----------+-------------------------------------------
     0 | Abyss:1  | Kahvikuppo the Formicid Abyssal Knight began the quest for the Orb.
     0 | Abyss:1  | Reached XP level 1. HP: 18/18 MP: 2/2
    41 | D:1      | Escaped the Abyss
   230 | D:1      | Reached XP level 2. HP: 17/24 MP: 3/3
   455 | D:1      | Reached XP level 3. HP: 29/29 MP: 4/4
   494 | D:2      | Reached ** piety under Lugonu
   632 | D:2      | Reached XP level 4. HP: 23/36 MP: 5/5
   708 | D:2      | Reached skill level 1 in Dodging
   835 | D:2      | Found a runed door.
   839 | D:2      | Noticed Crazy Yiuf
   847 | D:2      | HP: 1/36 [Crazy Yiuf/quarterstaff of chaos (7)]
   849 | D:2      | Slain by Crazy Yiuf

Skill      XL: |  1  2  3  4 |
---------------+-------------+-----
Long Blades    | 3 |  3.0
Armour         | 3 |  3.1
Dodging        | 1 |  1.0
Fighting       | |  3.6
Maces & Flails | |  0.6
Stealth        | |  0.3
Invocations    | |  2.2

Action                   |  1- 3 |  4- 6 || total
-------------------------+-------+-------++-------
Melee: Falchion          |    66 |    22 ||    88
       Whip              |    11 |       ||    11
Invok: Bend Space        |       |     1 ||     1
  Use: Scroll            |     4 |       ||     4
       Potion            |     1 |       ||     1
  Eat: Bread ration      |     1 |       ||     1
Armor: Ring mail         |    24 |     8 ||    32
       Leather armour    |     1 |       ||     1
Dodge: Dodged            |    47 |     6 ||    53
       Rpst.: Falchion   |    12 |     2 ||    14
